 Dungeon Crawl Stone Soup version 0.25.1-2-g60ff931df9 (webtiles) character file.

Game seed: 10065039143731705619

1965 KyoPewz the Insei (level 9, -2/79 HPs)
             Began as a Red Draconian Transmuter on Sept 24, 2020.
             Was an Initiate of Okawaru.
             Killed from afar by a deep elf mage (31 damage)
             ... with a lance of force
             ... in a bailey.
             The game lasted 00:36:24 (8112 turns).

KyoPewz the Insei (Red Draconian Transmuter)        Turns: 8112, Time: 00:36:25

Health: -2/79      AC:  2    Str: 18    XL:     9   Next: 0%
Magic:  13/15      EV: 19    Int: 17    God:    Okawaru [......]
Gold:   26         SH:  0    Dex: 17    Spells: 6/16 levels left

rFire    . . .     SeeInvis .     - Unarmed
rCold    + . .     Gourm    .   (shield currently unavailable)
rNeg     . . .     Faith    +   (armour unavailable)
rPois    x         Spirit   .   (helmet currently unavailable)
rElec    .         Reflect  .   (cloak currently unavailable)
rCorr    .         Harm     .   (gloves currently unavailable)
MR       .....                  (boots currently unavailable)
Stlth    ++........             C - amulet of faith {!P}
HPRegen  0.23/turn              o - ring of protection from cold
MPRegen  0.14/turn              q - +6 ring of strength

@: spider-form
A: tiny, (breathe fire), unfitting armour, AC +7
a: End Transformation, Renounce Religion


You were in a bailey.
You worshipped Okawaru.
Okawaru was noncommittal.
You were hungry.
You were a venomous arachnid creature.
You visited 2 branches of the dungeon, and saw 9 of its levels.
You also visited: Bailey.

You collected 403 gold pieces.
You spent 377 gold pieces at shops.

Inventory:

Hand Weapons
 c - a +0 dagger
   (You took it off a goblin on level 1 of the Dungeon)
 m - a +1 morningstar
   (You found it on level 2 of the Dungeon)
 z - a +2 hand axe of freezing
   (You took it off an orc priest on level 6 of the Dungeon)
 B - the cursed +1 falchion "Wukio" (melded) {flame, rF+}
   (You found it on level 5 of the Dungeon)

   It has been specially enchanted to burn those struck by it, causing extra
   injury to most foes and up to half again as much damage against particularly
   susceptible opponents.
   Big, fiery blades are also staple armaments of hydra-hunters.
   It protects you from fire.
   It has a curse placed upon it.
 D - a +3 morningstar
   (You took it off a wight on level 6 of the Dungeon)
 Q - a +0 halberd
   (You found it on level 8 of the Dungeon)
Missiles
 a - 203 arrows
 L - 14 poisoned darts
 N - a throwing net (quivered) {!f}
Armour
 l - a +0 pair of gloves (melded)
   (You found it on level 2 of the Dungeon)
Jewellery
 g - an uncursed ring of resist corrosion
   (You found it on level 4 of the Dungeon)
 o - a ring of protection from cold (left front leg)
   (You found it on level 3 of the Dungeon)
 q - a +6 ring of strength (right front leg)
   (You found it on level 3 of the Dungeon)
 r - an uncursed amulet of the acrobat
   (You found it on level 3 of the Dungeon)
 s - an uncursed ring of flight
   (You found it on level 4 of the Dungeon)
 C - an amulet of faith (around neck) {!P}
   (You found it on level 7 of the Dungeon)
 O - an uncursed ring of poison resistance {unknown}
   (You found it on level 8 of the Dungeon)
Wands
 d - a wand of iceblast (7)
   (You found it on level 4 of the Dungeon)
 t - a wand of flame (12)
   (You found it on level 4 of the Dungeon)
 v - a wand of digging (5)
   (You found it on level 7 of the Dungeon)
 x - a wand of acid (8)
   (You found it on level 6 of the Dungeon)
 A - a wand of clouds (10)
   (You found it on level 6 of the Dungeon)
Scrolls
 f - 5 scrolls of remove curse {@r2}
 k - 2 scrolls of magic mapping
 n - 4 scrolls of fear
 u - 2 scrolls of enchant armour
 w - 4 scrolls of teleportation {@r4}
 y - a scroll of vulnerability {unknown}
 E - a scroll of immolation {unknown}
 G - 2 scrolls of identify {@r1}
 H - a scroll of fog
 I - a scroll of noise {!r}
 K - a scroll of amnesia {unknown}
 M - 2 scrolls of blinking {unknown}
Potions
 b - 5 potions of haste {@q3}
 h - a potion of ambrosia
 i - a potion of might
 j - 3 potions of heal wounds {@q2}
 p - 3 potions of curing {@q1}
 F - 2 potions of resistance
 J - a potion of flight
Comestibles
 e - 11 rations {!d}
 P - 2 chunks of flesh


   Skills:
 + Level 7.3 Fighting
 - Level 2.0 Dodging
 + Level 7.8 Unarmed Combat
 - Level 4.0 Spellcasting
 - Level 4.0 Transmutations
 - Level 2.0 Ice Magic
 - Level 2.0 Poison Magic


You had 6 spell levels left.
You knew the following spells:

 Your Spells              Type           Power        Failure   Level  Hunger
a - Beastly Appendage     Tmut           ###...       11%         1    None
c - Ice Form              Ice/Tmut       ##......     63%         4    ####...
s - Sticks to Snakes      Tmut           ###.....     14%         2    ##.....
x - Spider Form           Tmut/Pois      ##........   32%         3    ###....

Your spell library contained the following spells:

 Spells                   Type           Power        Failure   Level  Hunger
 Foxfire                  Conj/Fire      #...         34%         1    None
 Magic Dart               Conj           #...         34%         1    None
 Blink                    Tloc           N/A          45%         2    ##.....
 Call Imp                 Summ           #.......     45%         2    ##.....
 Slow                     Hex            #.......     45%         2    ##.....
 Sublimation of Blood     Necr           #.........   45%         2    ##.....
 Mephitic Cloud           Conj/Pois/Air  #.......     58%         3    ###....
 Conjure Flame            Conj/Fire      #.......     65%         3    ###....
 Blade Hands              Tmut           ###.......   82%         5    ######.
 Animate Dead             Necr           N/A          94%         4    ####...
 Dispel Undead            Necr           #.......     94%         4    ####...
 Starburst                Conj/Fire      #.........   100%        6    #######


Dungeon Overview and Level Annotations

Branches:
Dungeon (8/15)             Temple (1/1) D:7            Lair (0/6) D:8
 Bailey (1/1)

Altars:
Ashenzari
Cheibriados
Dithmenos
Elyvilon
Fedhas
Gozag
Hepliaklqana
Kikubaaqudgha
Makhleb
Nemelex Xobeh
Okawaru
Qazlal
Ru
Sif Muna
Trog
Uskayaw
Vehumet
Wu Jian
Xom
Yredelemnul
Zin
The Shining One

Shops:
D:6 ?!(%   D:7 *


Innate Abilities, Weirdness & Mutations

((You can breathe blasts of fire.))
((Your fiery red scales are hard. (AC +7)))
You cannot fit into any form of body armour.
((Your flesh is heat resistant. (rF+)))
((You are cold-blooded and may be slowed by cold attacks.))


Message History

The worker ant twitches its antennae in your direction.
The worker ant waves its antennae.
You slash the worker ant! You burn the worker ant. You headbutt the worker ant.
You tail-slap the worker ant.
You kill the worker ant!
Okawaru accepts your kill.
You have reached level 9!
Your experience leads to an increase in your attributes!
Your base attributes are Str 12, Int 16, Dex 12.
Increase (S)trength, (I)ntelligence, or (D)exterity?
You feel clever.
Your scales feel tougher.
You see here a halberd.
That item cannot be evoked!
A spear.
The floor.
Q - a halberd
There is a flagged portal here.
Your transformation is almost over.
The world spins around you as you enter the gateway.
You enter a bailey!
There is an empty arch of ancient stone here.
You open the door.
Found a gate leading back out of this place.
There is an open door here.
A deep elf mage comes into view. It is wielding a +0 rapier.
The deep elf mage shouts!
The deep elf mage mumbles some strange words.
Your horns disappear.
You turn into a venomous arachnid creature.
The cursed +1 falchion "Wukio" {flame, rF+} melds into your body.
Your +0 pair of gloves melds into your body.
The cursed +1 falchion "Wukio" {flame, rF+} stops flaming.
A battlesphere comes into view.
There is an open door here.
You closely miss the deep elf mage.
The deep elf mage points at you and mumbles some strange words.
The magic dart hits you!
You hit the deep elf mage.
The deep elf mage is poisoned.
The deep elf mage hits you with a cursed +0 rapier.
You are feeling hungry.
You bite the deep elf mage!
The deep elf mage looks as sick as possible!
The deep elf mage casts a spell at you. The lance of force hits you!!
You are knocked back by the lance of force.
You slam into the stone wall!
* * * LOW HITPOINT WARNING * * *
The deep elf mage casts a spell at you. The lance of force hits you!!
You die...

+#####
#....##
#.....#
#..∩..#
#.....#
##.se##
####'##*.#
##...##
...#
#.....#
..#
#..∩..#
.##
##...## #
#####


You could see a deep elf mage (extremely poisoned) and a battlesphere.

Vanquished Creatures
  A hippogriff (D:7)
  Menkaure (D:5)
  An orc warrior (D:6)
  A phantom (D:4)
  2 centaurs
  3 ogres
  A big kobold (D:4)
  2 bullfrogs
  3 wights (D:6)
  2 howler monkeys
  A crimson imp (D:7)
  2 orc priests
  2 orc wizards
  2 hounds
  2 jellies (D:7)
  5 worker ants
  A hound skeleton (D:4)
  A worker ant zombie (D:5)
  5 adders
  8 gnolls
  A howler monkey skeleton (D:6)
  An ooze (D:1)
  An adder zombie (D:7)
  An adder skeleton (D:7)
  3 worms (D:3)
  A dart slug (D:4)
  5 leopard geckos
  9 orcs
  3 ball pythons
  5 bats
  6 giant cockroaches
  8 goblins
  7 hobgoblins
  14 jackals
  A quokka (D:3)
  4 frilled lizards
  8 kobolds
  A leopard gecko skeleton (D:4)
  9 rats
134 creatures vanquished.

Vanquished Creatures (collateral kills)
  A gnoll (D:3)
1 creature vanquished.

Vanquished Creatures (others)
  A plant (D:4)
1 creature vanquished.

Grand Total: 136 creatures vanquished

Notes
Turn   | Place    | Note
-------+----------+-------------------------------------------
     0 | D:1      | KyoPewz the Draconian Transmuter began the quest for the
                  | Orb.
     0 | D:1      | Reached XP level 1. HP: 16/16 MP: 3/3
   334 | D:1      | Reached XP level 2. HP: 22/23 MP: 3/5
   839 | D:1      | Learned a level 2 spell: Sticks to Snakes
  1215 | D:2      | Reached XP level 3. HP: 26/29 MP: 4/6
  1657 | D:2      | Reached XP level 4. HP: 32/37 MP: 5/7
  1883 | D:2      | Learned a level 3 spell: Spider Form
  2024 | D:2      | Found a sparkling altar of Nemelex Xobeh.
  3099 | D:3      | Reached XP level 5. HP: 42/44 MP: 6/8
  3205 | D:4      | Reached skill level 1 in Poison Magic
  3442 | D:4      | Reached skill level 5 in Unarmed Combat
  3684 | D:4      | Noticed an ogre
  3697 | D:4      | Killed an ogre
  3697 | D:4      | Reached XP level 6. HP: 52/52 MP: 6/9
  4081 | D:4      | Your scales start taking on a fiery red colour.
  4081 | D:4      | Reached XP level 7. HP: 37/60 MP: 2/10
  4081 | D:4      | Gained mutation: Your flesh is heat resistant. (rF+) [Red
                  | Draconian growth]
  4303 | D:5      | Entered Level 5 of the Dungeon
  4432 | D:5      | Learned a level 4 spell: Ice Form
  4529 | D:5      | Got an ancient falchion
  4530 | D:5      | Identified the cursed +1 falchion "Wukio" {flame, rF+} (You
                  | found it on level 5 of the Dungeon)
  4609 | D:5      | Found an ornate altar of the Wu Jian Council.
  4637 | D:5      | Found a glowing golden altar of the Shining One.
  4659 | D:5      | Noticed Menkaure
  4669 | D:5      | Killed Menkaure
  4669 | D:5      | Reached skill level 5 in Fighting
  4669 | D:5      | Reached skill level 1 in Ice Magic
  5250 | D:6      | Reached XP level 8. HP: 35/68 MP: 6/12
  5891 | D:6      | Found Aseraics's Antique Weapon Boutique.
  5940 | D:6      | Found Fanoosaa's Magic Scroll Emporium.
  6012 | D:6      | Bought a scroll of identify for 20 gold pieces
  6012 | D:6      | Bought a scroll of fear for 35 gold pieces
  6012 | D:6      | Bought a scroll of fog for 20 gold pieces
  6012 | D:6      | Bought a scroll of noise for 10 gold pieces
  6012 | D:6      | Bought a scroll of teleportation for 30 gold pieces
  6012 | D:6      | Bought a scroll of teleportation for 30 gold pieces
  6012 | D:6      | Bought a scroll of identify for 20 gold pieces
  6012 | D:6      | Bought a scroll of enchant armour for 75 gold pieces
  6058 | D:6      | Found Tuw Urgh's Distillery.
  6261 | D:6      | Found Ilemnori's Food Shop.
  6686 | D:7      | Noticed a hippogriff
  6703 | D:7      | Killed a hippogriff
  6965 | D:6      | Bought a potion of resistance for 110 gold pieces
  7243 | D:7      | Found a staircase to the Ecumenical Temple.
  7386 | D:7      | Identified Riatac's Guide on Unholy Arts and Heat
  7390 | Temple   | Entered the Ecumenical Temple
  7556 | Temple   | Became a worshipper of Warmaster Okawaru
  7724 | D:7      | Found Timmaki's Assorted Antiques.
  7729 | D:7      | Bought a scroll labeled XIYTIUR UPUAZE for 27 gold pieces
  7999 | D:8      | Found a staircase to the Lair.
  8086 | D:8      | Found a flagged portal.
  8092 | D:8      | Reached XP level 9. HP: 79/79 MP: 15/15
  8098 | Bailey   | Entered a bailey
  8104 | Bailey   | Noticed a deep elf mage
  8112 | Bailey   | Killed from afar by a deep elf mage

Illustrated notes

Levels and vault maps discovered:
D:1:      onia_arrival_pyramid, layout_basic, minmay_misc_feat_columns,
          patterned_corridor
D:2:      minmay_general_purpose_star, layout_basic, minmay_curled_crystal,
          nemelex_xobeh_ov_fountains_minmay
D:3:      layout_rooms
D:4:      layout_basic, lexackson_kobold_supper
D:5:      layout_basic, tso_oasis_becter, basic_altar, first_ration,
          uniq_menkaure
D:6:      layout_basic, serial_shops, nicolae_shop_window_shopping, shop_statue,
          kennysheep_mini, shop_statue, kennysheep_decorative_pillar
D:7:      layout_basic, minmay_temple_entry_statues, serial_shops,
          kennysheep_little_box
D:8:      layout_rooms, lair_entry_dummy, enter_bailey_2, uniq_joseph,
          uniq_harold
Temple:   minmay_crystal_snake_temple
Bailey:   bailey_polearm_3, bailey

Skill      XL: |  1  2  3  4  5  6  7  8 |
---------------+-------------------------+-----
Dodging        | 2 |  2.0
Fighting       | 2 3 4 5 7 |  7.3
Unarmed Combat | 4 5 6 7 |  7.8
Poison Magic   | 2 |  2.0
Transmutations | 3 4 |  4.0
Ice Magic      | 1 2 |  2.0
Spellcasting   | 4 |  4.0

Action                   |  1- 3 |  4- 6 |  7- 9 || total
-------------------------+-------+-------+-------++-------
Melee: Unarmed           |   116 |   154 |   112 ||   382
       Kick              |    12 |    20 |     1 ||    33
       Headbutt          |     5 |     6 |     4 ||    15
       Tailslap          |     8 |    15 |    18 ||    41
       Punch             |     1 |       |     3 ||     4
       Falchion          |       |       |   110 ||   110
 Cast: Beastly Appendage |    15 |    17 |     4 ||    36
       Sticks to Snakes  |       |     3 |       ||     3
       Spider Form       |       |     5 |    15 ||    20
  Use: Scroll            |       |     7 |     4 ||    11
 Stab: Sleeping          |       |     2 |       ||     2
  Eat: Chunk             |     3 |     8 |    15 ||    26
Armor: Skin              |    29 |    34 |    42 ||   105
Dodge: Dodged            |    65 |    80 |   154 ||   299
       Rpst.: Falchion   |       |       |    30 ||    30
